Match 47023914
Unlisted

Match 47023914
End
Construct Infanterie Kompanie
Pioneer Squad
Grenadier Squad
MG 42 Machine Gun Team
Grenadier Squad
Medical Station
Construct Luftwaffe Kompanie
Jäger Squad
Support Elements
Jäger Squad
Wirbelwind Flakpanzer
Construct Panzer Kompanie
Stoßtruppen Squad
Panzer IV Medium Tank
Side Skirts
Panzer IV Medium Tank
Sad Pepe
darekszymaniak44
0
0

Comments sign in to comment!

No comments posted yet!